 Dungeon Crawl Stone Soup version 0.32-a0-975-g85d4e5bfdb (webtiles) character file.

Game seed: 3179220367647106894

162 kae the Changeling (level 5, -1/37 HPs)
             Began as a Demonspawn Shapeshifter on Apr 18, 2024.
             Slain by an orc wizard
             ... wielding a +0 dagger
              (3 damage)
             ... on level 3 of the Dungeon.
             The game lasted 00:01:26 (2306 turns).

kae the Changeling (Demonspawn Shapeshifter)        Turns: 2306, Time: 00:01:27

Health: -1/37      AC:  2    Str: 14    XL:     5   Next: 19%
Magic:  5/5        EV: 11    Int: 11    God:
Gold:   151        SH:  0    Dex: 14    Spells: 4/4 levels left

rFire   . .          .
                       - Unarmed
rCold   . . .        (no shield)
rNeg    . . .        a - +0 animal skin
rPois   .            (helmet currently unavailable)
rElec   .            (cloak currently unavailable)
rCorr   .            (gloves currently unavailable)
SInv    .            (boots currently unavailable)
Will    .....        (no amulet)
Stlth   +            (no ring)
HPRegen 0.26/turn    (no ring)
MPRegen 0.09/turn

%: no passive effects
@: confused, beast-form
A: beast (slay +2), hooves 2, large bone plates 1, demonic guardian 1
a: Begin Untransformation


You were on level 3 of the Dungeon.
You were a hulking beast.
You visited 1 branch of the dungeon, and saw 3 of its levels.

You collected 151 gold pieces.


Innate Abilities, Weirdness & Mutations

You are a hulking beast.
Your limbs bulge with bestial killing power. (Slay +2)
You have hoof-like feet.
You are partially covered in large bone plates. (SH +4)
A weak demonic guardian rushes to your aid.


   Skills:
 - Level 1.0 Fighting
 - Level 1.7 Dodging
 + Level 3.7 Unarmed Combat
 * Level 4.4 Shapeshifting


You had 4 spell levels left.
You didn't know any spells.
Your spell library contained the following spells:

 Spells                   Type           Power      Damage    Failure   Level
 Ensorcelled Hibernation  Hex/Ice        0%         N/A       47%         2
 Dazzling Flash           Conj/Hex       0%         N/A       71%         3
 Mephitic Cloud           Conj/Alch/Air  0%         N/A       71%         3
 Passwall                 Erth           0%         N/A       71%         3
 Swiftness                Air            0%         N/A       71%         3
 Silence                  Hex/Air        0%         N/A       100%        5

Inventory:

Missiles
 i - 14 stones (quivered)
 j - 3 poisoned darts
Armour
 a - a +0 animal skin (worn)
 l - a +1 cloak
   (You found it on level 2 of the Dungeon)
Magical Staves
 n - a staff of air {!a}
   (You found it on level 2 of the Dungeon)
Talismans
 c - a beast talisman (active)
 d - a flux talisman
 k - a maw talisman
   (You found it on level 2 of the Dungeon)
Scrolls
 f - 2 scrolls of teleportation {@r4}
 g - 2 scrolls of fog
 h - a scroll of poison {!r}
Potions
 b - a potion of lignification {!q}
 e - a potion of brilliance {unknown}

Dungeon Overview and Level Annotations

Branches:
Dungeon (3/15) Zot: 15705

Altars:

..#....# #..†# ##.##
#..# ## ## #.## .. ..#
#.# # #. ... #.# #. #.#
..# #.#
##.##.########J..###
#.###......##..5h{o.....
.........#....####o..#..
#.###......#### ..#
#)###...#.####### .#
#................ #
#..........####.#
#......[...#
#.###...##.#
#.##.....#........


You could see 2 orcs, an endoplasm and a friendly quasit (summoned).


Message History

You hear a shout!
There are monsters nearby!
An orc wizard comes into view. It is wielding a +0 dagger.
The orc wizard shouts!
The goblin hits you with a +0 dagger.
An orc comes into view. It is wielding a +0 club.
You hit the goblin. You kick the goblin. The goblin barely misses you.
An endoplasm comes into view. 😕 HP[-3]
You take 3 damage, and now have 34/37 hp.
There are monsters nearby!
The endoplasm quivers.
You hit the goblin.
You kill the goblin!
You closely miss the orc.
The orc hits you with a +0 hand axe. 😕 HP[-2]
You take 2 damage, and now have 32/37 hp.
You hit the orc but do no damage. You kick the orc.
You kill the orc!
A magic dart appears from out of thin air!
The magic dart hits you.
The orc wizard gestures wildly while chanting.
The orc wizard flickers and vanishes!
An orc comes into view. It is wielding a +0 trident.
Something hits you.
Items here: $ )) [. 😮 HP[-5]
You take 5 damage, and now have 27/37 hp.
You miss something. Your kick misses something. Something hits you.
You are too injured to fight recklessly! 😮 HP[-2]
You take 2 damage, and now have 25/37 hp.
You are too injured to fight recklessly!
You are too injured to fight recklessly!
You are too injured to fight recklessly!
You are too injured to fight recklessly!
There are monsters nearby!
You are too injured to fight recklessly!
You are too injured to fight recklessly!
Unknown command.
You closely miss something. You kick something. Something hits you. 😮 HP[-1]
You take 1 damage, and now have 24/37 hp.
Unknown command.
You hit something. Your kick misses something. Something hits you.
You hear some strange, mumbled words.
A puff of flame appears from out of thin air!
The puff of flame hits something!
Reactivating autopickup.
You feel a bit more experienced.
Unknown command.
Okay, then.
Okay, then.
You block something's attack.
Deactivating autopickup; reactivate with Ctrl-A.
The orc hits you from afar with a +0 trident.
Things that are here:
a +0 dagger; a +0 leather armour; an orc corpse 😮 HP[-5]
You take 5 damage, and now have 19/37 hp.
You barely miss something.
You hear some strange, mumbled words.
Something tries to affect you, but you resist.
The orc hits you from afar with a +0 trident.
* * * LOW HITPOINT WARNING * * *
😨 HP[-2]
You take 2 damage, and now have 17/37 hp.
You hit something. You kick something. Something hits you but does no damage.
The orc hits you from afar with a +0 trident!
* * * LOW HITPOINT WARNING * * *
😨 HP[-7]
You take 7 damage, and now have 10/37 hp.
Unknown command.
You closely miss something. You miss something. Your kick misses something.
Something hits you but does no damage.
The orc hits you from afar with a +0 trident.
* * * LOW HITPOINT WARNING * * *
A demonic guardian appears! 😱 HP[-4]
You take 4 damage, and now have 6/37 hp.
You hit something.
You hear some strange, mumbled words.
You are confused.
The orc hits you from afar with a +0 trident.
* * * LOW HITPOINT WARNING * * *
😱 HP[-3]
You take 3 damage, and now have 3/37 hp.
Okay, then.
Unknown command.
You bump into the rock wall.
Something hits you.
* * * LOW HITPOINT WARNING * * *
The orc barely misses you. 😱 HP[-1]
You take 1 damage, and now have 2/37 hp.
Unknown command.
Unknown command.
Okay, then.
You bump into the rock wall.
Something hits you.
You die...

Skill      XL: |  1  2  3  4 |
---------------+-------------+-----
Shapeshifting  | 3 4 |  4.4
Unarmed Combat | 3 |  3.7
Fighting       | |  1.0
Dodging        | |  1.7

Action                     |  1- 3 |  4- 6 || total
---------------------------+-------+-------++-------
  Melee: Unarmed           |   103 |    81 ||   184
         Kick              |    24 |    26 ||    50
         Punch             |     3 |     1 ||     4
    Use: Scroll            |       |     3 ||     3
         Potion            |       |     2 ||     2
   Stab: Sleeping          |     1 |     1 ||     2
 Armour: Animal skin       |    57 |    38 ||    95
  Dodge: Dodged            |    49 |    26 ||    75
  Block: Other             |     8 |     6 ||    14

Levels and vault maps discovered:
D:1:      minmay_arrival_four_circles, layout_loops_corners
D:2:      cheibrodos_greedy_goblins, layout_basic, minmay_tetromino_i4
D:3:      layout_loops_ring

Notes
Turn   | Place    | Note
-------+----------+-------------------------------------------
     0 | D:1      | kae the Demonspawn Shapeshifter began the quest for the
                  | Orb.
     0 | D:1      | Reached XP level 1. HP: 15/15 MP: 1/1
     0 | D:1      | magus.rc [v1.11.3]
   318 | D:1      | Reached skill level 3 in Shapeshifting
   318 | D:1      | Gained mutation: You have large cloven feet. [demonic
                  | ancestry]
   318 | D:1      | Reached XP level 2. HP: 21/21 MP: 2/2
   438 | D:1      | Reached skill level 3 in Unarmed Combat
   942 | D:2      | Gained mutation: You are partially covered in large bone
                  | plates. (SH +4) [demonic ancestry]
   942 | D:2      | Reached XP level 3. HP: 22/26 MP: 3/3
  1342 | D:2      | HP: 6/26 [poisoned by an adder]
  1475 | D:2      | Gained mutation: A weak demonic guardian rushes to your
                  | aid. [demonic ancestry]
  1475 | D:2      | Reached XP level 4. HP: 28/32 MP: 4/4
  1864 | D:2      | Reached skill level 4 in Shapeshifting
  1875 | D:2      | HP: 2/32 [gnoll/+0 flail (13)]
  1884 | D:2      | HP: 8/32 [gnoll/+0 club (8)]
  2135 | D:3      | Gained mutation: You have hoof-like feet. [demonic
                  | ancestry]
  2135 | D:3      | Reached XP level 5. HP: 37/37 MP: 5/5
  2207 | D:3      | You pick up a book of the Senses and begin reading...
  2207 | D:3      | You add the spells Dazzling Flash, Mephitic Cloud and
                  | Silence to your library.
  2247 | D:3      | You pick up a book of Burglary and begin reading...
  2247 | D:3      | You add the spells Ensorcelled Hibernation, Swiftness and
                  | Passwall to your library.
  2303 | D:3      | HP: 6/37 [orc/+0 trident (5)]
  2305 | D:3      | HP: 2/37 [something (1)]
  2306 | D:3      | Slain by an orc wizard

Vanquished Creatures
  4 gnolls (D:2)
  3 adders (D:2)
  3 ribbon worms
  3 dart slugs
  2 orcs (D:3)
  6 endoplasms
  8 giant cockroaches
  8 goblins
  9 hobgoblins
  2 quokkas
  7 ball pythons
  3 frilled lizards
  A kobold (D:2)
  7 rats
66 creatures vanquished.

Vanquished Creatures (others)
  An orc wizard (D:3)
1 creature vanquished.

Grand Total: 67 creatures vanquished

Table legend:
 A = Non-vault XP
 B = Vault XP
 C = Vault XP percentage of total XP
 D = Non-vault monster count
 E = Vault monster count
 F = Vault count percentage of total count
                 A         B        C        D         E       F
            +---------+---------+-------+---------+---------+-------
      Total |     199 |      33 |  14.2 |      56 |      11 |  16.4
            +---------+---------+-------+---------+---------+-------
        D:1 |      38 |       0 |   0.0 |      21 |       0 |   0.0
        D:2 |     119 |      33 |  21.7 |      25 |      11 |  30.6
        D:3 |      42 |       0 |   0.0 |      10 |       0 |   0.0
            +---------+---------+-------+---------+---------+-------

Skill      XL: |  1  2  3  4 |
---------------+-------------+-----
Shapeshifting  | 3 4 |  4.4
Unarmed Combat | 3 |  3.7
Fighting       | |  1.0
Dodging        | |  1.7

Action                     |  1- 3 |  4- 6 || total
---------------------------+-------+-------++-------
  Melee: Unarmed           |   103 |    81 ||   184
         Kick              |    24 |    26 ||    50
         Punch             |     3 |     1 ||     4
    Use: Scroll            |       |     3 ||     3
         Potion            |       |     2 ||     2
   Stab: Sleeping          |     1 |     1 ||     2
 Armour: Animal skin       |    57 |    38 ||    95
  Dodge: Dodged            |    49 |    26 ||    75
  Block: Other             |     8 |     6 ||    14

Illustrated notes

Table legend:
 A = Kills in this place as a percentage of kills in the entire game.
 B = Kills by you in this place as a percentage of kills by you in the entire game.
 C = Kills by friends in this place as a percentage of kills by friends in the entire game.
 D = Other kills in this place as a percentage of other kills in the entire game.
 E = Experience gained in this place as a percentage of experience gained in the entire game.
 F = Experience gained in this place divided by the number of levels of this place that you have seen.
                   A       B       C       D       E      F
               +-------+-------+-------+-------+-------+----------------------
         Total | 100.0 | 100.0 |   N/A | 100.0 | 100.0 |  77.3
       Dungeon | 100.0 | 100.0 |   N/A | 100.0 | 100.0 |  77.3
               +-------+-------+-------+-------+-------+----------------------

Table legend: (Time is in decaauts)
 A = Elapsed time spent in this place.
 B = Non-inter-level travel time spent in this place.
 C = Inter-level travel time spent in this place.
 D = Time resting spent in this place.
 E = Time spent auto-exploring this place.
 F = Levels seen in this place.
 G = Mean time per level.
                   A        B        C        D        E       F      G
               +--------+--------+--------+--------+--------+-----+--------+
         Total |   2293 |   2253 |     40 |     40 |   1836 |   3 |  764.3 |
       Dungeon |   2293 |   2253 |     40 |     40 |   1836 |   3 |  764.3 |
               +--------+--------+--------+--------+--------+-----+--------+

Top non-repeatable levels by time:
     D:2: 1183 daAuts
     D:1: 929 daAuts
     D:3: 180 daAuts
